 Dungeon Crawl Stone Soup version 0.22.1-2-g9c5b331383 (webtiles) character file.

56 Kwzr the Skirmisher (level 3, 0/31 HPs)
             Began as a Ghoul Fighter on Jan 1, 2019.
             Slain by Crazy Yiuf
             ... wielding a +2 quarterstaff of chaos
              (6 damage)
             ... on level 2 of the Dungeon.
             The game lasted 00:06:00 (1355 turns).

Kwzr the Skirmisher (Ghoul Fighter)                 Turns: 1355, Time: 00:06:01

Health: 0/31       AC:  6    Str: 22    XL:     3   Next: 97%
Magic:  2/2        EV:  8    Int:  3    God:
Gold:   76         SH:  9    Dex:  8    Spells: 2/2 levels left

rFire    . . .     SeeInvis .     - Unarmed
rCold    + . .     Gourm    .   b - +0 shield
rNeg     + + +     Faith    .   a - +0 scale mail
rPois    ∞         Spirit   .   (no helmet)
rElec    .         Reflect  .   (no cloak)
rCorr    .         Harm     .   (no gloves)
MR       .....                  (no boots)
Stlth    ..........             (no amulet)
HPRegen  0.00/turn              n - +2 ring of strength
MPRegen  0.08/turn              (no ring)

@: rotting
A: rotting body, claws 1, carnivore, cold resistance 1, negative energy
resistance 3, inhibited regeneration, torment resistance, unbreathing
a: no special abilities


You were on level 2 of the Dungeon.
You were not hungry.

You visited 1 branch of the dungeon, and saw 2 of its levels.

You collected 76 gold pieces.

Inventory:

Armour
 a - a +0 scale mail (worn)
 b - a +0 shield (worn)
Jewellery
 n - a +2 ring of strength (left claw)
Scrolls
 e - a scroll of remove curse {unknown}
 f - a scroll of random uselessness {unknown}
 k - 2 scrolls of identify {unknown}
 o - a scroll of fear {unknown}
Potions
 c - a potion of might
 g - a potion of degeneration {unknown}
 i - a potion of brilliance {unknown}
 j - 2 potions of curing {unknown}
 l - a potion of cancellation {unknown}
 m - 2 potions of heal wounds {unknown}
Comestibles
 d - 7 rations


   Skills:
 + Level 3.4 Fighting
 * Level 2.8 Armour
 + Level 1.7 Dodging
 * Level 2.8 Shields
 * Level 3.3 Unarmed Combat


You had 2 spell levels left.
You didn't know any spells.
Your spell library was empty.

Dungeon Overview and Level Annotations

Branches:
Dungeon (2/15)

Altars:

Annotations:
D:2 Crazy Yiuf


Innate Abilities, Weirdness & Mutations

Your body is rotting away.
You thrive on raw meat.
You are immune to poison.
You have sharp fingernails.
You are carnivorous and can eat meat at any time.
Your flesh is cold resistant. (rC+)
You are immune to negative energy. (rN+++)
You do not regenerate when monsters are visible.
You are immune to unholy pain and torment.
You can survive without breathing.


Message History

Crazy Yiuf whimpers, "Announcement!
Cake ladder noodlescoop."
Found a mace.
There is an open door here.
You claw Crazy Yiuf!
Crazy Yiuf is moderately wounded.
You block Crazy Yiuf's attack.
You scratch Crazy Yiuf.
Crazy Yiuf is heavily wounded.
Crazy Yiuf hits you with a quarterstaff of chaos.
You are electrocuted!
You scratch Crazy Yiuf.
Crazy Yiuf is severely wounded.
Crazy Yiuf hits you with a quarterstaff of chaos!
* * * LOW HITPOINT WARNING * * *
Okay, then.
You scratch Crazy Yiuf.
Crazy Yiuf is severely wounded.
Crazy Yiuf cries, "Walk verde tired!"
Crazy Yiuf hits you with a quarterstaff of chaos.
You die...

#...####..........#....
#...# #...............
##### #.........###...
######....# ###. #.####
##.> #.# #... ####♣♣
#### #.# ##.#. ##...P♣♣
♣♣#..)# #.# #..#.
#....P.♣♣♣♣.@g..# #.#
#.##. #.......♣..♣#...#
#.# #.##. #.#..P.♣.♣♣♣
#### #.# ###.###
#.###♣♣♣♣♣ #.###...# #
#.# #.....### #.# ###
#..######## #.# #.#
#.......... #.# #.#
#.#####.... #.##### #.#
#.# #......


You could see Crazy Yiuf.

Vanquished Creatures
  An adder (D:2)
  3 dart slugs
  2 leopard geckos (D:2)
  7 bats
  2 giant cockroaches (D:2)
  2 goblins (D:1)
  4 hobgoblins
  4 jackals (D:1)
  6 kobolds (D:1)
  A frilled lizard (D:2)
  4 rats (D:2)
  A bush (D:2)
37 creatures vanquished.

Notes
Turn   | Place    | Note
-------+----------+-------------------------------------------
     0 | D:1      | Kwzr the Ghoul Fighter began the quest for the Orb.
     0 | D:1      | Reached XP level 1. HP: 19/19 MP: 0/0
   221 | D:1      | Reached skill level 1 in Dodging
   223 | D:1      | Reached XP level 2. HP: 25/25 MP: 1/1
   405 | D:1      | Reached XP level 3. HP: 28/31 MP: 2/2
  1346 | D:2      | Found a runed door.
  1350 | D:2      | Noticed Crazy Yiuf
  1355 | D:2      | Slain by Crazy Yiuf

Skill      XL: |  1  2  3 |
---------------+----------+-----
Dodging        | 1 |  1.7
Unarmed Combat | 3 |  3.3
Fighting       | |  3.4
Armour         | |  2.8
Shields        | |  2.8

Action                   || total
-------------------------++-------
Melee: Unarmed           ||   220
  Eat: Chunk             ||    14
Armor: Scale mail        ||    79
Dodge: Dodged            ||    54
Block: Shield            ||    66
